 Dungeon Crawl Stone Soup version 0.25.1-1-g288607f5aa (webtiles) character file.

Game seed: 1986507876874337758

1239 H0rd4k the Insei (level 8, 0/50 HPs)
             Began as an Octopode Transmuter on July 22, 2020.
             Was an Initiate of Gozag.
             Killed from afar by a starcursed mass (4 damage)
             ... with an accursed screaming
             ... on level 1 of the Abyss.
             The game lasted 00:17:11 (8969 turns).

H0rd4k the Insei (Octopode Transmuter)              Turns: 8969, Time: 00:17:11

Health: 0/50       AC:  1    Str:  9    XL:     8   Next: 49%
Magic:  15/15      EV: 18    Int: 17    God:    Gozag
Gold:   330        SH:  5    Dex: 13    Spells: 10/16 levels left

rFire    . . .     SeeInvis .     - Unarmed
rCold    . . .     Gourm    .   (no shield)
rNeg     . . .     Faith    .   (helmet restricted)
rPois    .         Spirit   .   q - amulet of reflection
rElec    .         Reflect  +   d - +4 ring of evasion
rCorr    .         Harm     .   s - ring of protection from magic
MR       +....                  (no ring)
Stlth    +++.......             (no ring)
HPRegen  0.16/turn              (no ring)
MPRegen  0.14/turn              (no ring)
                                (no ring)
                                (no ring)

@: lightly drained
A: almost no armour, stealthy swim, amphibious, 8 rings, constrict 8, camouflage
1, mutation resistance 1, gelatinous body 1
a: Potion Petition, Call Merchant, Bribe Branch, Renounce Religion


You were on level 1 of the Abyss.
You worshipped Gozag.
Gozag was aware of your devotion.
You were not hungry.

You visited 1 branch of the dungeon, and saw 7 of its levels.
You visited the Abyss 1 time.
You also visited: Sewer.

You collected 418 gold pieces.
You paid 88 gold pieces to Gozag.

Inventory:

Missiles
 a - 118 arrows
 k - 29 poisoned darts (quivered)
Magical Staves
 f - an uncursed staff of poison
Jewellery
 d - a +4 ring of evasion (left tentacle)
 q - an amulet of reflection (around mantle)
 s - a ring of protection from magic (right tentacle)
 u - an uncursed amulet of faith
Scrolls
 b - 2 scrolls of identify {unknown}
 g - a scroll of enchant weapon
 i - a scroll of immolation {unknown}
 j - 7 scrolls of teleportation
 m - a scroll of magic mapping {unknown}
 n - a scroll of random uselessness {unknown}
 p - a scroll of fear {unknown}
 t - a scroll of blinking {unknown}
 x - a scroll of remove curse
Potions
 e - 7 potions of heal wounds
 h - a potion of lignification
 l - a potion of brilliance {unknown}
 o - 2 potions of flight {unknown}
 r - 4 potions of haste {unknown}
 v - 2 potions of curing
 w - a potion of degeneration {unknown}
Comestibles
 c - 10 rations


   Skills:
 + Level 2.0(1.7) Fighting
 + Level 0.9(0.6) Throwing
 + Level 3.6(3.4) Dodging
 + Level 4.2(4.0) Stealth
 + Level 6.3(6.0) Unarmed Combat
 + Level 4.8(4.5) Spellcasting
 + Level 4.5(4.3) Transmutations


You had 10 spell levels left.
You knew the following spells:

 Your Spells              Type           Power        Failure   Level  Hunger
a - Beastly Appendage     Tmut           ###...       2%          1    None
b - Sticks to Snakes      Tmut           ###.....     3%          2    ##.....
c - Spider Form           Tmut/Pois      ##........   19%         3    ###....

Your spell library contained the following spells:

 Spells                   Type           Power        Failure   Level  Hunger
 Ice Form                 Ice/Tmut       ##......     52%         4    ####...
 Blade Hands              Tmut           ###.......   56%         5    ######.


Dungeon Overview and Level Annotations

Branches:
Dungeon (7/15)             Temple (0/1) D:5           Sewer (visited)

Altars:
Ashenzari
Elyvilon
Gozag
Hepliaklqana
Makhleb
Ru
Wu Jian

Annotations:
D:5 Blork the orc
D:6 exclusion: sky beast, Dowan, Duvessa
D:7 exclusion: upstairs, Maggie, Prince Ribbit


Innate Abilities, Weirdness & Mutations

You cannot wear most types of armour.
You are very stealthy in the water. (Stealth+)
You are amphibious.
You can wear up to eight rings at the same time.
You can use your tentacles to constrict eight enemies at once.
Your skin changes colour to match your surroundings (Stealth+).
Your rubbery body absorbs attacks. (AC +1, EV +1)
You are somewhat resistant to further mutation.


Message History

There is an open door here.
There is an open door here.
There is an open door here.
There is an open door here.
A starcursed mass splits.
The starcursed mass engulfs you. The starcursed mass engulfs you!
A chorus of shrieks assaults your mind.
You open the door.
The starcursed mass completely misses you.
A chorus of shrieks assaults your mind.
* * * LOW HITPOINT WARNING * * *
Found a scroll of remove curse.
A wretched star comes into view.
There is an open door here.
A chorus of shrieks assaults your mind.
* * * LOW HITPOINT WARNING * * *
A chorus of shrieks assaults your mind.
You die...
Your body crumbles into a pile of gold.

......#.....#.# ..#..
..............##..?.#..
.............X........#
. ..........#...#.....
# # ###.....#.....#.###
#.###.....#..*......#
#..'.....'X....#...#
####.....#........#
##...§§#.X.@....#
#....§Z#######..#
######## #


You could see 3 starcursed masses and a wretched star.

Vanquished Creatures
  Edmund (D:6)
  A black bear (D:7)
  An ice beast (D:7)
  A phantom (D:6)
  An ogre (D:6)
  A scorpion (D:6)
  2 wights (D:6)
  A bullfrog zombie (D:5)
  A hound (D:5)
  An orc priest (D:2)
  4 orc wizards
  4 worker ants
  A hound skeleton (D:6)
  A worker ant zombie (D:6)
  4 gnolls (D:4)
  6 river rats (Sewer)
  10 adders
  An ooze (D:3)
  2 adder skeletons
  4 worms
  A dart slug (D:2)
  3 leopard geckos
  16 orcs
  4 bats
  5 giant cockroaches
  7 goblins
  3 hobgoblins
  4 jackals (D:2)
  4 quokkas
  5 ball pythons
  13 frilled lizards
  A giant cockroach zombie (D:6)
  8 kobolds
  A quokka skeleton (D:7)
  16 rats
139 creatures vanquished.

Notes
Turn   | Place    | Note
-------+----------+-------------------------------------------
     0 | D:1      | H0rd4k the Octopode Transmuter began the quest for the Orb.
     0 | D:1      | Reached XP level 1. HP: 13/13 MP: 3/3
   255 | D:1      | Reached XP level 2. HP: 18/18 MP: 5/5
   733 | D:2      | Reached XP level 3. HP: 18/23 MP: 4/6
   737 | D:2      | Learned a level 2 spell: Sticks to Snakes
   741 | D:2      | Learned a level 3 spell: Spider Form
   850 | D:2      | Reached skill level 1 in Stealth
   850 | D:2      | Reached XP level 4. HP: 8/28 MP: 5/7
  1719 | D:1      | Reached skill level 4 in Unarmed Combat
  2020 | D:2      | Reached XP level 5. HP: 31/33 MP: 8/8
  2332 | D:2      | Found a hazy altar of Hepliaklqana.
  2442 | D:2      | Found a sacrificial altar of Ru.
  2443 | D:2      | Found a white marble altar of Elyvilon.
  4289 | D:4      | Reached XP level 6. HP: 38/38 MP: 8/10
  4777 | D:4      | You fall into a shaft and drop 2 floors!
  4778 | D:6      | Noticed Edmund
  4810 | D:6      | Gained mutation: You are somewhat resistant to further
                  | mutation. [potion of mutation]
  4815 | D:6      | Killed Edmund
  4972 | D:6      | Reached skill level 5 in Unarmed Combat
  4972 | D:6      | Reached XP level 7. HP: 18/43 MP: 8/12
  5049 | D:6      | Found a glowing drain.
  5054 | Sewer    | Entered a sewer
  6333 | D:6      | Found a shattered altar of Ashenzari.
  6340 | D:6      | Saw a vision of the Shoals and the Snake Pit.
  6340 | D:6      | Noticed a naga
  6340 | D:6      | Noticed a naga
  6340 | D:6      | Noticed a naga
  6340 | D:6      | Noticed a mana viper
  6340 | D:6      | Noticed a black mamba
  6340 | D:6      | Noticed a black mamba
  6340 | D:6      | Noticed a mana viper
  6340 | D:6      | Noticed a naga
  6340 | D:6      | Noticed a sea snake
  6340 | D:6      | Noticed a hippogriff
  6340 | D:6      | Noticed a merfolk
  6340 | D:6      | Noticed a merfolk
  6340 | D:6      | Noticed a merfolk
  6341 | D:6      | Noticed a black mamba
  6341 | D:6      | Noticed a guardian serpent
  6417 | D:5      | Entered Level 5 of the Dungeon
  6525 | D:5      | Found an opulent altar of Gozag.
  6563 | D:5      | Found a staircase to the Ecumenical Temple.
  6638 | D:5      | Noticed Blork the orc
  6859 | D:5      | Became a worshipper of Gozag Ym Sagoz the Greedy
  7034 | D:5      | Found a burning altar of Makhleb.
  7212 | D:6      | HP: 1/44 [wight/+3 scimitar (3)]
  7214 | D:6      | Reached XP level 8. HP: 30/50 MP: 14/14
  7489 | D:6      | Noticed Duvessa
  7489 | D:6      | Noticed Dowan
  8048 | D:7      | Noticed Prince Ribbit
  8084 | D:7      | Noticed Maggie
  8105 | D:7      | Reached skill level 6 in Unarmed Combat
  8210 | D:7      | Found an ornate altar of the Wu Jian Council.
  8830 | D:6      | Cast into level 1 of the Abyss (wight)
  8864 | Abyss:1  | Noticed a starcursed mass
  8965 | Abyss:1  | Noticed a wretched star
  8969 | Abyss:1  | Killed from afar by a starcursed mass

Illustrated notes

Levels and vault maps discovered:
D:1:      eino_arrival_water_cross, layout_basic, minmay_misc_feat_alley,
          hangedman_decor_slide_cut
D:2:      layout_basic, old_standard_altar, gammafunk_temple_overflow_statue,
          first_ration
D:3:      layout_rooms
D:4:      layout_basic, chequers_mini_garden
D:5:      layout_rooms, lemuel_round_altar, nicolae_overflow_crystal_walls,
          minmay_temple_entry_arrows, uniq_blork_the_orc
D:6:      layout_gridville, slow_altar_1, portal_sewer_entry_e,
          nicolae_lava_and_water, grunt_ashenzari_visionary
          [grunt_ashenzari_visionary_shoals, grunt_ashenzari_visionary_snake],
          uniq_duvessa, uniq_edmund
D:7:      layout_basic, marbit_many_paths, uniq_maggie, uniq_prince_ribbit1
Abyss:1:  base:
D:4

Skill      XL: |  1  2  3  4  5  6  7  8 |
---------------+-------------------------+-----
Stealth        | 1 2 3 4 |  4.2
Unarmed Combat | 4 5 6 |  6.3
Spellcasting   | 3 4 |  4.8
Transmutations | 3 4 |  4.5
Dodging        | 3 |  3.6
Fighting       | 2 |  2.0
Throwing       | |  0.9

Action                   |  1- 3 |  4- 6 |  7- 9 || total
-------------------------+-------+-------+-------++-------
Melee: Unarmed           |    41 |   179 |   178 ||   398
       Constrict         |    11 |    47 |    40 ||    98
       Tentacles         |     6 |    30 |    29 ||    65
       Kick              |     8 |    45 |    39 ||    92
       Punch             |       |     2 |     9 ||    11
Throw: Dart              |       |       |    10 ||    10
 Cast: Beastly Appendage |     4 |    33 |    27 ||    64
       Spider Form       |       |     1 |       ||     1
  Use: Potion            |       |     4 |     2 ||     6
       Scroll            |       |     1 |     3 ||     4
 Stab: Sleeping          |     4 |     5 |    12 ||    21
  Eat: Chunk             |       |    13 |     6 ||    19
       Ration            |       |       |     2 ||     2
Armor: Skin              |     1 |    14 |     2 ||    17
Dodge: Dodged            |    14 |   115 |    75 ||   204
Block: Other             |       |     2 |    37 ||    39
